 Dungeon Sprint DCSS version 0.29-a0-338-g1ff7896281 (webtiles) character file.

Game seed: 14693071185023049851

130 HendSelp the Ruffian (level 5, -5/46 HPs)
             Began as a Djinni Berserker on Apr 18, 2022.
             Was a Follower of Trog.
             Slain by a neqoxec (11 damage)
             ... in the Dungeon (Sprint II: "The Violet Keep of Menkaure").
             The game lasted 00:00:11 (18 turns).

HendSelp the Ruffian (Djinni Berserker)               Turns: 18, Time: 00:00:11

Health: -5/46      AC:  1    Str: 18    XL:     5   Next: 36%
Gold:   0          EV: 13    Int:  9    God:    Trog [*.....] SH:  0 Dex: 12

rFire   + + .      SeeInvis .     - Unarmed
rCold   x . .      Faith    .   (no shield)
rNeg    . . .      Spirit   .   a - +0 animal skin
rPois   ∞          Reflect  .   (no helmet)
rElec   .          Harm     .   (no cloak)
rCorr   .          Rampage  .   (no gloves)
Will    .....      NoTele   +   (boots unavailable)
Stlth   +.........              (no amulet)
HPRegen 0.15/turn               (no ring)
MPRegen 0.00/turn               (no ring)

@: on berserk cooldown, flying, slowed, very slow
A: sickness immunity, fire resistance 2, cold vulnerability 1, float, innate
caster, HP casting, extra vitality 1, deformed body, devolution 1
a: Renounce Religion, Berserk


You were in the Dungeon.
You worshipped Trog.
Trog was aware of your devotion.
You visited 1 branch

Inventory:

Armour
 a - a +0 animal skin (worn)
Scrolls
 f - a scroll of blinking
Potions
 b - a potion of curing
 c - a potion of heal wounds
 d - a potion of haste
 e - a potion of berserk rage


   Skills:
 * Level 6.6 Fighting
 * Level 3.7 Armour
 * Level 3.9 Dodging
 * Level 7.1 Unarmed Combat


You had one spell level left.
You knew the following spells:

 Your Spells              Type           Power      Damage    Failure   Level
a - Pain                  Necr           0%         1d4       38%         1
b - Blink                 Tloc           0%         N/A       52%         2
Your spell library was empty.

Dungeon Overview and Level Annotations

Branches:
Dungeon (1/1)

Altars:


Innate Abilities, Weirdness & Mutations

You are immune to sickness and miasma.
You are immune to poison.
Your flesh is very heat resistant. (rF++)
You are vulnerable to cold. (rC-)
You float through the air rather than walking.
You learn spells naturally, not from books.
Your magical power is your life essence.
You have superior vitality. (+4 MHP)
Armour fits poorly on your strangely shaped body.
You have hidden genetic defects.


Message History

Your Armour skill increases to level 3!
Your Dodging skill increases to level 3!
Your Unarmed Combat skill gained 4 levels and is now at level 7!
You have reached level 2!
You have reached level 3!
Your experience leads to an increase in your attributes!
Increase (S)trength, (I)ntelligence, or (D)exterity?
You feel stronger. x2
The power to cast Pain wells up from within.
Spell assigned to 'a'.
You have reached level 4!
You feel clever.
You have reached level 5!
The power to cast Blink wells up from within.
Spell assigned to 'b'.
Unknown command.
You closely miss the neqoxec.
Unknown command.
You barely miss the neqoxec. The neqoxec closely misses you.
Unknown command.
You punch the neqoxec!
The neqoxec is moderately wounded.
Unknown command.
You hit the neqoxec.
The neqoxec is moderately wounded.
The neqoxec hits you!
* * * LOW HITPOINT WARNING * * *
Unknown command.
Unknown command.
You hit the neqoxec.
The neqoxec is heavily wounded.
You are no longer berserk.
You are exhausted.
You feel yourself slow down. The neqoxec gestures at you.
Something tries to feed on your intellect!
You hit the neqoxec.
The neqoxec is severely wounded.
The neqoxec hits you!
You die...

##
###
.##..
33.
#3#
##@##
+.<.+
##.##
#+#


You could see 3 neqoxecs.

Vanquished Creatures
  A neqoxec (D)
1 creature vanquished.

Notes
Turn   | Place    | Note
-------+----------+-------------------------------------------
     0 | D        | HendSelp the Djinni Berserker began the quest for the Orb.
     0 | D        | Reached XP level 1. HP: 20/20 MP: 0/0
     1 | D        | Noticed a neqoxec
     1 | D        | Noticed a neqoxec
     1 | D        | Noticed a neqoxec
     1 | D        | Noticed a neqoxec
     9 | D        | Gained mutation: You have hidden genetic defects. [a
                  | neqoxec]
    10 | D        | Gained mutation: Armour fits poorly on your strangely
                  | shaped body. [a neqoxec]
    12 | D        | Killed a neqoxec
    13 | D        | Reached skill level 7 in Unarmed Combat
    13 | D        | Reached XP level 2. HP: 14/30 MP: 0/0
    13 | D        | Reached XP level 3. HP: 17/35 MP: 0/0
    13 | D        | Learned a level 1 spell: Pain
    13 | D        | Reached XP level 4. HP: 19/40 MP: 0/0
    13 | D        | Reached XP level 5. HP: 22/46 MP: 0/0
    13 | D        | Learned a level 2 spell: Blink
    18 | D        | Slain by a neqoxec

Illustrated notes

Levels and vault maps discovered:
D:        the_violet_keep_of_menkaure [sprint2_stairs_cluster_1,
          sprint2_shoproom, sprint2_temple, sprint2_basic_supplies,
          sprint2_obstacle_1, sprint2_obstacle_2, sprint2_obstacle_7,
          sprint2_obstacle_6, sprint2_obstacle_3, sprint2_timed_cluster_1,
          sprint2_smallroom_cluster_1, sprint2_smallroom_final_cluster_1,
          sprint2_transparent_cluster_1, sprint2_second_timed_cluster_1,
          sprint2_sniper_area_1, sprint2_heavy_combat_area_1,
          sprint2_mutation_trap_area_1, sprint2_forest_area_1,
          sprint2_light_combat_area_1, sprint2_behind_water_1,
          sprint2_near_end_vault_1]

Skill      XL: |  1 |
---------------+----+-----
Fighting       | 6 |  6.6
Armour         | 3 |  3.7
Dodging        | 3 |  3.9
Unarmed Combat | 7 |  7.1

Action                   |  1- 3 |  4- 6 || total
-------------------------+-------+-------++-------
Melee: Unarmed           |    10 |     6 ||    16
Invok: Berserk           |     1 |       ||     1
Dodge: Dodged            |     2 |     1 ||     3

Table legend: (Time is in decaauts)
 A = Elapsed time spent in this place.
 B = Non-inter-level travel time spent in this place.
 C = Inter-level travel time spent in this place.
 D = Time resting spent in this place.
 E = Time spent auto-exploring this place.
 F = Levels seen in this place.
 G = Mean time per level.
                   A        B        C        D        E       F      G
               +--------+--------+--------+--------+--------+-----+--------+
         Total |     12 |     12 |      0 |      0 |      0 |   1 |   12.0 |
       Dungeon |     12 |     12 |      0 |      0 |      0 |   1 |   12.0 |
               +--------+--------+--------+--------+--------+-----+--------+

Top non-repeatable levels by time:
       D: 12 daAuts
